[ PARTIDA AOE2 · #485683488 ]
UnrankedEspañoles vs None
Equipo rival · DERR
[ ANÁLISIS DE REPETICIÓN · EXTRAÍDO DE LA PARTIDA GRABADA ]
Feudal
9:41
Castillos
19:14
Imperial
—
| APM promedio | 49.7 |
| APM pico | 102 |
| eAPM promedio | 22.2 |
| Aldeanos / militares | 55 / 26 |
Foco
⚔️ 31.1% · 🌾 68.9%
Knight ×12 · Skirmisher ×12 · Archer ×2
Feudal
10:19
Castillos
20:25
Imperial
—
| APM promedio | 51.9 |
| APM pico | 86 |
| eAPM promedio | 23.0 |
| Aldeanos / militares | 54 / 37 |
Foco
⚔️ 37.3% · 🌾 62.7%
Skirmisher ×17 · Archer ×12 · Militia ×4 · Mangonel ×3 · Spearman ×1
Mapa de la partida
Recursos iniciales + cada clic de construcción. Líneas = muros · curvas = relieve. ◆ oro · ⬟ piedra · ● bayas · ✦ reliquia · ◌ hueco del cierre
Tu base· ✓ Cerrada en 19:14 · 26t muro · 1 puerta(s)
Base de AC· Abierta — el rival se encerró
Terreno inicial suavizado · ◌ = hueco del cierre detectado · pasá el cursor para detalles
Inputs por minuto
— lazy archer - - AC
Build order — lazy archer
Primeras 150 de 171 acciones detectadas
| 0:00 | Crear | Villager (Male) |
| 0:02 | Construir | House |
| 0:02 | Construir | House |
| 0:09 | Crear | Villager (Male) |
| 0:09 | Crear | Villager (Male) |
| 0:09 | Crear | Villager (Male) |
| 1:32 | Crear | Villager (Male) |
| 1:59 | Crear | Villager (Male) |
| 2:28 | Crear | Villager (Male) |
| 2:48 | Crear | Villager (Male) |
| 2:49 | Crear | Villager (Male) |
| 2:58 | Crear | Villager (Male) |
| 3:05 | Construir | House |
| 4:09 | Crear | Villager (Male) |
| 4:12 | Construir | House |
| 4:25 | Crear | Villager (Male) |
| 4:58 | Crear | Villager (Male) |
| 5:19 | Crear | Villager (Male) |
| 5:40 | Crear | Villager (Male) |
| 6:05 | Construir | Lumber Camp |
| 6:12 | Crear | Villager (Male) |
| 6:39 | Crear | Villager (Male) |
| 6:42 | Investigar | Loom |
| 6:42 | Investigar | Loom |
| 6:49 | Construir | Mill |
| 7:16 | Construir | Palisade Wall |
| 7:31 | Investigar | Feudal Age |
| 7:31 | Investigar | Feudal Age |
| 8:09 | Construir | Barracks |
| 8:25 | Construir | House |
| 8:25 | Construir | Palisade Wall |
| 8:28 | Construir | Palisade Wall |
| 8:38 | Crear | Villager (Male) |
| 8:44 | Construir | Palisade Gate |
| 9:04 | Construir | Palisade Wall |
| 9:05 | Construir | House |
| 9:41 | Edad | Edad Feudal |
| 9:47 | Construir | Archery Range |
| 9:56 | Crear | Villager (Male) |
| 10:00 | Investigar | Double-Bit Axe |
| 10:00 | Investigar | Double-Bit Axe |
| 10:17 | Crear | Villager (Male) |
| 10:18 | Crear | Archer |
| 10:50 | Crear | Villager (Male) |
| 10:51 | Crear | Archer |
| 10:58 | Investigar | Horse Collar |
| 11:00 | Construir | Farm |
| 11:13 | Crear | Villager (Male) |
| 11:28 | Crear | Skirmisher |
| 11:31 | Construir | Farm |
| 11:42 | Crear | Villager (Male) |
| 11:43 | Construir | Farm |
| 11:47 | Crear | Skirmisher |
| 11:57 | Construir | Farm |
| 12:04 | Crear | Villager (Male) |
| 12:20 | Crear | Skirmisher |
| 12:28 | Construir | Farm |
| 12:32 | Construir | Palisade Wall |
| 12:38 | Crear | Villager (Male) |
| 12:38 | Crear | Villager (Male) |
| 12:45 | Construir | Farm |
| 12:51 | Construir | House |
| 12:59 | Investigar | Town Watch |
| 13:03 | Construir | Palisade Wall |
| 13:08 | Construir | House |
| 13:23 | Crear | Villager (Male) |
| 13:24 | Crear | Skirmisher |
| 13:24 | Crear | Skirmisher |
| 13:33 | Construir | House |
| 13:38 | Construir | Palisade Wall |
| 13:43 | Construir | Palisade Wall |
| 13:46 | Crear | Villager (Male) |
| 13:57 | Crear | Skirmisher |
| 14:13 | Construir | Mining Camp |
| 14:14 | Construir | Mining Camp |
| 14:22 | Crear | Skirmisher |
| 14:22 | Crear | Skirmisher |
| 14:43 | Crear | Villager (Male) |
| 14:46 | Construir | Farm |
| 14:50 | Crear | Skirmisher |
| 15:06 | Crear | Villager (Male) |
| 15:11 | Construir | Farm |
| 15:32 | Crear | Villager (Male) |
| 15:46 | Construir | Blacksmith |
| 15:56 | Crear | Villager (Male) |
| 16:12 | Construir | Farm |
| 16:24 | Construir | Farm |
| 16:27 | Construir | House |
| 16:34 | Investigar | Castle Age |
| 16:48 | Construir | Farm |
| 16:49 | Construir | Farm |
| 16:58 | Construir | Farm |
| 17:02 | Investigar | Fletching |
| 17:09 | Construir | Farm |
| 17:19 | Construir | House |
| 17:20 | Construir | House |
| 17:49 | Crear | Skirmisher |
| 17:53 | Crear | Villager (Male) |
| 18:02 | Construir | Stable |
| 18:08 | Crear | Skirmisher |
| 18:09 | Investigar | Padded Archer Armor |
| 18:10 | Crear | Villager (Male) |
| 18:14 | Crear | Villager (Male) |
| 18:26 | Construir | House |
| 18:37 | Investigar | Bloodlines |
| 19:06 | Construir | Stable |
| 19:09 | Investigar | Scale Barding Armor |
| 19:14 | Edad | Edad de los Castillos |
| 19:33 | Crear | Knight |
| 19:49 | Construir | Town Center |
| 19:55 | Crear | Knight |
| 19:56 | Crear | Knight |
| 20:04 | Crear | Knight |
| 20:22 | Investigar | Bow Saw |
| 20:22 | Investigar | Bow Saw |
| 20:28 | Crear | Villager (Male) |
| 20:28 | Crear | Villager (Male) |
| 20:49 | Crear | Villager (Male) |
| 21:09 | Crear | Villager (Male) |
| 21:11 | Construir | Farm |
| 21:11 | Construir | Farm |
| 21:13 | Crear | Knight |
| 21:17 | Construir | Farm |
| 21:20 | Construir | Farm |
| 21:24 | Construir | House |
| 21:27 | Construir | House |
| 21:27 | Construir | House |
| 21:30 | Construir | House |
| 21:32 | Crear | Knight |
| 21:33 | Crear | Villager (Male) |
| 21:33 | Crear | Villager (Male) |
| 21:45 | Construir | Farm |
| 21:47 | Construir | Farm |
| 21:49 | Crear | Villager (Male) |
| 21:58 | Crear | Villager (Male) |
| 22:02 | Construir | Farm |
| 22:06 | Crear | Villager (Male) |
| 22:13 | Construir | Farm |
| 22:14 | Construir | Farm |
| 22:14 | Construir | Farm |
| 22:17 | Crear | Villager (Male) |
| 22:21 | Construir | Farm |
| 22:24 | Crear | Knight |
| 22:36 | Crear | Villager (Male) |
| 22:41 | Crear | Villager (Male) |
| 22:51 | Crear | Knight |
| 22:57 | Crear | Knight |
| 22:58 | Investigar | Elite Skirmisher (upgrade) |
| 23:11 | Crear | Villager (Male) |
| 23:14 | Crear | Villager (Male) |
Build order — AC
Primeras 150 de 159 acciones detectadas
| 0:00 | Crear | Villager (Male) |
| 0:00 | Crear | Villager (Male) |
| 0:01 | Construir | House |
| 0:02 | Construir | House |
| 0:07 | Crear | Villager (Male) |
| 0:07 | Crear | Villager (Male) |
| 1:31 | Crear | Villager (Male) |
| 2:03 | Crear | Villager (Male) |
| 2:36 | Crear | Villager (Male) |
| 3:05 | Crear | Villager (Male) |
| 3:08 | Construir | Barracks |
| 3:12 | Construir | Barracks |
| 3:25 | Construir | House |
| 3:29 | Crear | Villager (Male) |
| 3:35 | Crear | Villager (Male) |
| 4:08 | Crear | Militia |
| 4:08 | Crear | Militia |
| 4:22 | Crear | Villager (Male) |
| 4:37 | Crear | Militia |
| 4:49 | Crear | Villager (Male) |
| 4:56 | Construir | House |
| 4:56 | Construir | House |
| 5:12 | Crear | Villager (Male) |
| 5:36 | Crear | Villager (Male) |
| 6:01 | Crear | Villager (Male) |
| 6:16 | Construir | Lumber Camp |
| 6:27 | Crear | Villager (Male) |
| 6:45 | Crear | Villager (Male) |
| 6:48 | Crear | Villager (Male) |
| 7:17 | Investigar | Loom |
| 7:59 | Construir | Mill |
| 8:09 | Investigar | Feudal Age |
| 8:18 | Construir | Mining Camp |
| 8:23 | Construir | Mining Camp |
| 8:26 | Construir | Mining Camp |
| 9:51 | Crear | Villager (Male) |
| 10:17 | Construir | Farm |
| 10:19 | Edad | Edad Feudal |
| 10:25 | Construir | Archery Range |
| 10:27 | Investigar | Double-Bit Axe |
| 10:28 | Crear | Villager (Male) |
| 10:41 | Construir | Farm |
| 10:51 | Crear | Villager (Male) |
| 10:58 | Crear | Spearman |
| 11:18 | Crear | Skirmisher |
| 11:19 | Crear | Villager (Male) |
| 11:42 | Crear | Villager (Male) |
| 11:43 | Crear | Archer |
| 11:59 | Crear | Archer |
| 12:07 | Construir | Blacksmith |
| 12:09 | Construir | House |
| 12:10 | Crear | Militia |
| 12:10 | Crear | Villager (Male) |
| 12:15 | Construir | Farm |
| 12:15 | Construir | Farm |
| 12:28 | Crear | Archer |
| 12:33 | Crear | Villager (Male) |
| 12:50 | Crear | Villager (Male) |
| 12:53 | Investigar | Fletching |
| 12:58 | Construir | Archery Range |
| 13:01 | Crear | Archer |
| 13:02 | Crear | Villager (Male) |
| 13:05 | Construir | Farm |
| 13:25 | Investigar | Padded Archer Armor |
| 13:30 | Construir | Farm |
| 13:45 | Crear | Archer |
| 13:50 | Crear | Archer |
| 13:56 | Construir | House |
| 14:00 | Construir | House |
| 14:02 | Construir | Farm |
| 14:09 | Crear | Archer |
| 14:17 | Construir | Palisade Gate |
| 14:18 | Construir | House |
| 14:26 | Construir | Farm |
| 14:29 | Crear | Villager (Male) |
| 14:30 | Crear | Villager (Male) |
| 14:45 | Crear | Archer |
| 14:48 | Crear | Villager (Male) |
| 14:52 | Construir | Farm |
| 14:58 | Construir | Farm |
| 15:00 | Crear | Archer |
| 15:17 | Construir | House |
| 15:30 | Crear | Villager (Male) |
| 15:31 | Crear | Archer |
| 15:36 | Crear | Villager (Male) |
| 15:43 | Crear | Archer |
| 15:44 | Crear | Villager (Male) |
| 15:51 | Construir | Farm |
| 15:54 | Construir | Farm |
| 15:58 | Construir | Farm |
| 16:11 | Crear | Archer |
| 16:38 | Construir | Farm |
| 17:14 | Crear | Villager (Male) |
| 17:17 | Crear | Skirmisher |
| 17:20 | Crear | Villager (Male) |
| 17:44 | Investigar | Castle Age |
| 17:50 | Construir | Archery Range |
| 17:55 | Construir | House |
| 18:09 | Crear | Skirmisher |
| 18:09 | Crear | Skirmisher |
| 18:15 | Construir | House |
| 19:07 | Construir | Farm |
| 19:09 | Investigar | Horse Collar |
| 19:11 | Investigar | Gold Mining |
| 19:24 | Crear | Skirmisher |
| 19:25 | Crear | Skirmisher |
| 19:26 | Crear | Skirmisher |
| 19:40 | Construir | Farm |
| 19:54 | Crear | Skirmisher |
| 20:24 | Crear | Skirmisher |
| 20:25 | Crear | Skirmisher |
| 20:25 | Edad | Edad de los Castillos |
| 20:27 | Investigar | Elite Skirmisher (upgrade) |
| 20:29 | Construir | Town Center |
| 20:34 | Crear | Villager (Male) |
| 20:43 | Construir | Siege Workshop |
| 20:50 | Crear | Villager (Male) |
| 20:53 | Crear | Skirmisher |
| 20:53 | Crear | Skirmisher |
| 20:55 | Investigar | Bodkin Arrow |
| 21:02 | Crear | Villager (Male) |
| 21:09 | Construir | House |
| 21:09 | Construir | House |
| 21:18 | Crear | Skirmisher |
| 21:39 | Crear | Villager (Male) |
| 21:41 | Investigar | Town Watch |
| 21:42 | Crear | Villager (Male) |
| 21:47 | Crear | Mangonel |
| 21:55 | Construir | Farm |
| 22:07 | Crear | Villager (Male) |
| 22:13 | Crear | Skirmisher |
| 22:16 | Construir | Farm |
| 22:18 | Crear | Villager (Male) |
| 22:22 | Crear | Skirmisher |
| 22:33 | Crear | Villager (Male) |
| 22:41 | Crear | Mangonel |
| 22:44 | Crear | Villager (Male) |
| 22:47 | Construir | Farm |
| 22:48 | Construir | Farm |
| 22:48 | Construir | Farm |
| 22:48 | Construir | Farm |
| 23:02 | Crear | Villager (Male) |
| 23:03 | Crear | Skirmisher |
| 23:09 | Construir | Farm |
| 23:10 | Construir | Farm |
| 23:13 | Crear | Villager (Male) |
| 23:18 | Construir | Farm |
| 23:26 | Crear | Villager (Male) |
| 23:31 | Construir | Farm |
| 23:34 | Crear | Villager (Male) |
Cronología de la partida
| 3:08 | AC · first_building Barracks |
| 7:16 | lazy archer · wall_segment Palisade Wall x4 |
| 8:09 | lazy archer · first_building Barracks |
| 8:25 | lazy archer · wall_segment Palisade Wall x1 |
| 8:28 | lazy archer · wall_segment Palisade Wall x1 |
| 9:04 | lazy archer · wall_segment Palisade Wall x1 |
| 9:41 | lazy archer · age_up feudal |
| 9:47 | lazy archer · first_building Archery Range |
| 10:19 | AC · age_up feudal |
| 10:25 | AC · first_building Archery Range |
| 12:32 | lazy archer · wall_segment Palisade Wall x2 |
| 13:03 | lazy archer · wall_segment Palisade Wall x10 |
| 13:38 | lazy archer · wall_segment Palisade Wall x6 |
| 13:43 | lazy archer · wall_segment Palisade Wall x7 |
| 18:02 | lazy archer · first_building Stable |
| 19:14 | lazy archer · age_up castle |
| 20:25 | AC · age_up castle |
| 20:43 | AC · first_building Siege Workshop |
| 23:35 | lazy archer · wall_segment Palisade Wall x1 |
| 23:36 | lazy archer · wall_segment Palisade Wall x1 |
| 24:58 | AC · resign |
[ ANÁLISIS IA · 1 CRÉDITO ]
¿Qué pasó realmente en esta partida?
Wolo.gg analiza cada decisión: build order, eco, micro, errores típicos por bracket. Análisis personalizado por WhatsApp o Discord en 30 segundos.
Guía civ
Españoles
Perfil
Alperen (lazy archer)